 Dungeon Crawl Stone Soup version 0.29.0-4-gdea44cf6ec (webtiles) character file.

Game seed: 9955267733870980463

33 qw the Chopper (level 3, 0/21 HPs)
             Began as a Tengu Warper on Aug 28, 2022.
             Succumbed to an adder's poison
             ... on level 2 of the Dungeon.
             The game lasted 00:00:06 (1283 turns).

qw the Chopper (Tengu Warper)                       Turns: 1283, Time: 00:00:07

Health: 0/21       AC:  3    Str: 13    XL:     3   Next: 29%
Magic:  7/7        EV: 12    Int: 13    God:
Gold:   40         SH:  0    Dex: 13    Spells: 6/6 levels left

rFire   . . .      SeeInvis .   Y - +0 hand axe
rCold   . . .      Faith    .   (no shield)
rNeg    . . .      Spirit   .   b - +0 leather armour
rPois   .          Reflect  .   (helmet restricted)
rElec   .          Harm     .   (no cloak)
rCorr   .          Rampage  .   (no gloves)
Will    .....                   (boots unavailable)
Stlth   +.........              (no amulet)
HPRegen 0.07/turn               (no ring)
MPRegen 0.10/turn               (no ring)

@: lethally poisoned (0 -> -4)
A: beak, talons 3
a: no special abilities


You were on level 2 of the Dungeon.
You visited 1 branch of the dungeon, and saw 2 of its levels.

You collected 40 gold pieces.


Innate Abilities, Weirdness & Mutations

You have a beak for a mouth.
You have claws for feet.


   Skills:
 - Level 2.0 Fighting
 + Level 4.0 Axes
 - Level 1.0 Throwing
 - Level 1.1 Armour
 - Level 2.1 Dodging
 - Level 2.0 Spellcasting
 - Level 2.4 Translocations


You had 6 spell levels left.
You didn't know any spells.
Your spell library contained the following spells:

 Spells                   Type           Power      Damage    Failure   Level
 Blink                    Tloc           14%        N/A       19%         2
 Gell's Gravitas          Tloc           7%         N/A       36%         3
 Lesser Beckoning         Tloc           7%         N/A       36%         3
 Teleport Other           Tloc           7%         N/A       36%         3
 Manifold Assault         Tloc           7%         N/A       98%         5

Inventory:

Hand Weapons
 g - a +0 flail
 Y - a +0 hand axe (weapon)
Armour
 b - a +0 leather armour (worn)
Scrolls
 k - a scroll of identify
Potions
 d - a potion of invisibility {unknown}
 h - a potion of berserk rage {unknown}
 i - a potion of brilliance {unknown}
 j - a potion of curing {unknown}

Dungeon Overview and Level Annotations

Branches:
Dungeon (2/15)

Altars:


Message History

You barely miss the kobold. The adder bites you but does no damage.
The adder bites you.
You are poisoned.
The adder poisons you! The kobold hits you with a +0 dagger.
You closely miss the adder. Your kick misses the adder.
The adder is lightly wounded.
You barely miss the kobold.
You feel sick. The adder barely misses you. The kobold barely misses you.
You miss the adder. Your kick misses the adder.
The adder is lightly wounded.
You hit the kobold but do no damage.
You feel sick. The adder misses you. The kobold hits you with a +0 dagger.
The adder barely misses you.
You closely miss the adder. You closely miss the kobold.
You feel sick. The kobold completely misses you. The adder closely misses you.
You hit the adder.
The adder is lightly wounded.
You hit the kobold.
You feel sick. The adder barely misses you. The kobold barely misses you.
You barely miss the kobold. Your punch misses the kobold.
The kobold is moderately wounded.
You closely miss the adder.
You feel sick. The adder misses you. The kobold closely misses you.
The adder bites you.
You are lethally poisoned!
The adder poisons you!
1281 ||| READING scroll of teleportation.
As you read the scroll of teleportation, it crumbles to dust.
You feel strangely unstable.
You feel sick. The kobold hits you but does no damage. The adder misses you.
You hit the kobold.
You kill the kobold!
You hit the adder.
You feel sick. The adder bites you but does no damage. The adder bites you.
You hit the adder.
The adder is severely wounded.
Your surroundings suddenly seem different.
An endoplasm comes into view.
Found a sling.
Found a stone staircase leading down.
You die...

##.## #.... #..# ..#.#
##.# ## .).. #.### ##.
... #.... #####..#.. #
##..# ..>......##.#
#........
#..........###..#######
#.....@.......
#.....J###.###
#.....### #...## #.. ##


You could see an endoplasm (asleep).

Vanquished Creatures
  A worm (D:1)
  2 dart slugs (D:1)
  3 endoplasms (D:1)
  A giant cockroach (D:1)
  3 hobgoblins (D:1)
  2 quokkas (D:1)
  2 ball pythons (D:1)
  3 bats
  3 frilled lizards (D:1)
  4 kobolds
  3 rats (D:1)
27 creatures vanquished.

Notes
Turn   | Place    | Note
-------+----------+-------------------------------------------
     0 | D:1      | qw the Tengu Warper began the quest for the Orb.
     0 | D:1      | Reached XP level 1. HP: 12/12 MP: 4/4
     0 | D:1      | 0 ||| qw: Version: 0.1-a-89-g26bdef1
     0 | D:1      | 0 ||| qw: Game counter: 2549
     0 | D:1      | 0 ||| qw: Always use a shield: true
     0 | D:1      | 0 ||| qw: God list: Okawaru
     0 | D:1      | 0 ||| qw: Allow faded altars: false
     0 | D:1      | 0 ||| qw: Do Orc after D:15 true
     0 | D:1      | 0 ||| qw: Do second Lair branch before Depths: true
     0 | D:1      | 0 ||| qw: Lair rune preference: random
     0 | D:1      | 0 ||| qw: Plans: Normal
     0 | D:1      | 0 ||| PLANNING D:1-11
   230 | D:1      | 230 ||| Stepping ~*~*~tactically~*~*~ (stealth).
   232 | D:1      | 232 ||| Stepping ~*~*~tactically~*~*~ (stealth).
   254 | D:1      | Reached XP level 2. HP: 17/17 MP: 6/6
   259 | D:1      | Reached skill level 3 in Axes
   319 | D:1      | Found a faded altar of an unknown god.
   338 | D:1      | 338 ||| Stepping ~*~*~tactically~*~*~ (hiding).
   428 | D:1      | 428 ||| DROPPING +0 whip.
   605 | D:1      | 605 ||| Stepping ~*~*~tactically~*~*~ (stealth).
   749 | D:1      | 749 ||| Stepping ~*~*~tactically~*~*~ (hiding).
   851 | D:1      | 851 ||| Stepping ~*~*~tactically~*~*~ (hiding).
   855 | D:1      | Reached XP level 3. HP: 21/21 MP: 7/7
  1112 | D:1      | 1112 ||| READING scroll labelled KOCOELUDOYCRE.
  1113 | D:1      | 1113 ||| READING 2 scrolls labelled ZEUWKA LI NAT.
  1117 | D:1      | 1117 ||| READING 2 scrolls labelled WESO KUMUOP.
  1118 | D:1      | 1118 ||| DROPPING scroll of blinking.
  1140 | D:2      | 1140 ||| STAIRDANCE
  1201 | D:2      | Reached skill level 4 in Axes
  1280 | D:2      | HP: 5/21 [adder (1)]
  1281 | D:2      | 1281 ||| READING scroll of teleportation.
  1282 | D:2      | HP: 2/21 [poisoned by an adder]
  1283 | D:2      | Succumbed to an adder's poison

Levels and vault maps discovered:
D:1:      eino_arrival_cavern_b, layout_basic,
          shapermc_ecumenical_altar_starsandcircs
D:2:      layout_rooms, uniq_jessica

Skill      XL: |  1  2  3 |
---------------+----------+-----
Axes           | 3 4 |  4.0
Fighting       | |  2.0
Throwing       | |  1.0
Armour         | |  1.1
Dodging        | |  2.1
Spellcasting   | |  2.0
Translocations | |  2.4

Action                   || total
-------------------------++-------
Melee: Hand axe          ||    64
       Kick              ||    12
       Peck              ||     5
       Punch             ||     1
Throw: Boomerang         ||     7
  Use: Scroll            ||     4
Armor: Leather armour    ||    24
Dodge: Dodged            ||    54

Table legend:
 A = Non-vault XP
 B = Vault XP
 C = Vault XP percentage of total XP
 D = Non-vault monster count
 E = Vault monster count
 F = Vault count percentage of total count
                 A         B        C        D         E       F
            +---------+---------+-------+---------+---------+-------
      Total |      48 |       0 |   0.0 |      27 |       0 |   0.0
            +---------+---------+-------+---------+---------+-------
        D:1 |      44 |       0 |   0.0 |      24 |       0 |   0.0
        D:2 |       4 |       0 |   0.0 |       3 |       0 |   0.0
            +---------+---------+-------+---------+---------+-------
